Map: Apotheosis LE

Players

Fropez

  • Race: Protoss Protoss
  • League: Gold
  • Spawn Location: 5:00

Nocturnal - Winner!

  • Race: Zerg Zerg
  • League: Platinum
  • Spawn Location: 11:00

VOD

Have the link to the VOD?

Description

Time

  • Played on: Nov. 9, 2016, 10:57 a.m.
  • Length: 10:12
Show
View Real Time Build Order
Export as new Build Order

Fropez Protoss 

Build Orders:  

Get SALT Encoding   

  12  0:01  Probe (Chrono Boost)  
  14  0:14  Probe (Chrono Boost)  
  14  0:20  Pylon  
  14  0:47  Probe (Chrono Boost), Gateway  
  14  0:49  Assimilator  
  15  0:58  Probe (Chrono Boost)  
  16  1:15  Pylon  
  16  1:16  Probe (Chrono Boost)  
  17  1:21  Pylon  
  17  1:27  Probe (Chrono Boost), Gateway  
  18  1:47  Cybernetics Core  
  18  1:48  Probe (Chrono Boost)  
  19  1:57  Assimilator  
  19  1:58  Probe (Chrono Boost)  
  20  2:09  Pylon, Probe (Chrono Boost)  
  21  2:24  Warp Gate (Chrono Boost), Mothership Core (Chrono Boost)  
  21  2:25  Adept  
  21  2:28  Adept  
  27  2:55  Twilight Council, Probe (Chrono Boost)  
  27  3:00  Adept  
  27  3:04  Gateway  
  27  3:05  Probe (Chrono Boost)  
  30  3:07  Adept  
  32  3:26  Pylon  
  32  3:31  Resonating Glaives (Chrono Boost)  
  32  3:52  Probe  
  33  4:04  Nexus  
  33  4:05  Pylon  
  33  4:06  Probe  
  33  4:07  Pylon  
  34  4:23  Probe  
  35  4:25  Adept  
  37  4:35  Probe  
  36  4:46  Adept x3  
  36  4:47  Probe  
  37  4:53  Gateway  
  37  4:59  Probe  
  38  5:11  Probe  
  39  5:15  Probe  
  40  5:23  Adept x2  
  40  5:27  Gateway  
  42  5:46  Probe  
  42  5:48  Probe  
  42  5:49  Adept x2  
  48  5:50  Adept  
  50  5:57  Probe  
  50  6:00  Assimilator  
  50  6:01  Probe  
  50  6:03  Charge (Chrono Boost)  
  52  6:13  Probe, Robotics Facility  
  52  6:14  Probe  
  54  6:34  Probe  
  54  6:35  Probe  
  54  6:37  Adept x3  
  54  6:38  Adept x2  
  66  6:48  Pylon  
  66  6:50  Pylon  
  66  6:56  Warp Prism (Chrono Boost)  
  68  7:13  Adept x5  
  78  7:34  Stalker x2  
  78  7:35  Stalker x2  
  76  7:59  Pylon  
  76  8:01  Pylon  
  76  8:03  Pylon  
  76  8:09  Pylon  
  76  8:10  Pylon  
  72  8:24  Stalker x2  
  72  8:25  Stalker x2  
  62  8:49  Stalker  
  62  8:50  Stalker  
  66  8:56  Templar Archives  
  52  9:18  Mothership Core  
  52  9:20  Stalker x2  
  48  9:33  Stalker  
  50  9:42  High Templar x2  
  54  9:45  Archon  
Show
View Real Time Build Order
Export as new Build Order

Nocturnal Zerg - Winner!

Build Orders: Hatch First 

Get SALT Encoding   

  12  0:02  Drone  
  13  0:12  Overlord  
  13  0:18  Drone  
  14  0:30  Drone  
  14  0:31  Drone  
  16  0:36  Drone  
  17  0:56  Hatchery  
  16  1:00  Drone  
  17  1:07  Extractor  
  17  1:08  Drone x2  
  17  1:09  Extractor  
  17  1:23  Spawning Pool  
  17  1:25  Drone  
  17  1:34  Drone  
  18  1:44  Drone  
  19  1:52  Drone  
  20  2:02  Drone  
  21  2:09  Metabolic Boost  
  21  2:15  Overlord  
  21  2:21  Queen  
  23  2:28  Zergling x2  
  24  2:38  Drone  
  24  2:39  Drone x2  
  24  2:42  Drone  
  28  2:51  Drone  
  28  2:52  Drone x2  
  28  2:56  Queen  
  33  3:02  Overlord  
  33  3:05  Overlord  
  33  3:15  Drone  
  33  3:16  Drone x2  
  36  3:34  Drone x6  
  37  3:38  Extractor  
  37  3:40  Extractor  
  40  3:53  Drone x2  
  40  3:54  Drone  
  43  3:57  Queen  
  43  3:58  Spine Crawler  
  46  4:14  Lair  
  44  4:20  Zergling x2  
  44  4:21  Zergling x14  
  47  4:55  Drone x2  
  47  4:56  Drone x3  
  52  5:17  Spire  
  47  5:37  Hatchery  
  47  5:42  Drone x2  
  47  5:50  Overlord x2  
  47  6:04  Drone x3  
  49  6:06  Extractor  
  49  6:07  Drone x3  
  49  6:10  Extractor  
  51  6:16  Overlord x2  
  51  6:25  Overlord  
  51  6:39  Mutalisk x5  
  53  6:40  Mutalisk x2  
  53  6:46  Zerg Flyer Weapons Level 1  
  65  6:50  Queen  
  65  6:52  Mutalisk x2  
  65  6:53  Mutalisk x3  
  77  6:55  Mutalisk x3  
  83  7:14  Mutalisk x5  
  83  7:15  Infestation Pit  
  92  7:28  Mutalisk x2  
  96  7:32  Zergling x8  
  98  7:42  Zergling x10  
  98  7:50  Overlord x5  
  86  8:28  Zergling x2  
  86  8:29  Zergling x16  
  69  8:55  Mutalisk  
  69  8:56  Mutalisk x5  
  75  9:16  Queen  
  77  9:23  Zergling x14  
  81  9:27  Hatchery  
  80  9:39  Drone  
  80  9:40  Drone x3  
Tags
 
Matchup
PvZ
Replay Pack
All Mines
Spawn Locations
Cross Positions
Add a new tag
Caveats
  • Supply blocks, unpowered buildings, or Contaminate may cause inaccurate times.
  • Supply counts are checked every 10 seconds.